 Dungeon Crawl Stone Soup version 0.30-a0-718-geaa24f58ff (webtiles) character file.

Game seed: 11730590828188828631

368 sokol815 the Shooter (level 6, 0/51 HPs)
             Began as a Demigod Hunter on Jan 26, 2023.
             Succumbed to an adder's poison
             ... on level 4 of the Dungeon.
             The game lasted 00:06:40 (2992 turns).

sokol815 the Shooter (Demigod Hunter)               Turns: 2992, Time: 00:06:41

Health: 0/51       AC:  4    Str: 12    XL:     6   Next: 17%
Magic:  1/8        EV: 14    Int: 11    God:
Gold:   230        SH:  0    Dex: 25    Spells: 2/5 levels left

rFire   + . .      SeeInvis .    a - +1 shortbow
rCold   + . .      Faith    .    (shield currently unavailable)
rNeg    . . .      Spirit   +    c - +0 leather armour
rPois   +          Reflect  .    (no helmet)
rElec   +          Harm     .    k - scarf {repulsion}
rCorr   +          Rampage  .    (no gloves)
Will    .....                    e - +0 pair of boots
Stlth   ++                       f - amulet of guardian spirit
HPRegen 0.28/turn                (no ring)
MPRegen 0.11/turn                (no ring)

@: lethally poisoned (0 -> -8), resistant, repel missiles
A: high MP 1, forlorn, divine attributes
a: no special abilities


You were on level 4 of the Dungeon.
You visited 1 branch of the dungeon, and saw 4 of its levels.

You collected 230 gold pieces.

Inventory:

Hand Weapons
 a - a +1 shortbow (weapon)
Missiles
 b - 12 poisoned darts
 d - 9 javelins
 s - 40 stones
Armour
 c - a +0 leather armour (worn)
 e - a +0 pair of boots (worn)
   (You found it on level 1 of the Dungeon)
 k - a scarf of repulsion (worn)
   (You found it on level 2 of the Dungeon)
Magical Staves
 g - a staff of poison {rPois}
   (You found it on level 2 of the Dungeon)
Jewellery
 f - an amulet of guardian spirit (around neck)
   (You found it on level 3 of the Dungeon)
Scrolls
 h - a scroll of identify {@r1}
 K - 2 scrolls of immolation {!r}
 Y - a scroll of teleportation {@r3}


   Skills:
 + Level 3.4 Fighting
 * Level 5.6 Ranged Weapons
 + Level 3.4 Dodging
 - Level 0.8 Stealth


You had 2 spell levels left.
You knew the following spells:

 Your Spells              Type           Power      Damage    Failure   Level
a - Portal Projectile     Hex/Tloc       0%         N/A       80%         3

Your spell library contained the following spells:

 Spells                   Type           Power      Damage    Failure   Level
 Call Canine Familiar     Summ           0%         N/A       80%         3
 Leda's Liquefaction      Hex/Erth       0%         N/A       99%         4


Dungeon Overview and Level Annotations

Branches:
Dungeon (4/15) Zot: 20911
 Temple: D:4-7


Innate Abilities, Weirdness & Mutations

You have an increased reservoir of magic. (+10% MP)
You shall have no god before yourself.
Your divine heritage dramatically boosts your attributes as you level up.


Message History

The endoplasm freezes you.
You are frozen.
* * * LOW HITPOINT WARNING * * *
You have reached level 6!
Your experience leads to a dramatic increase in your attributes!
Increase (s)trength, (i)ntelligence, or (d)exterity?
You feel agile. x4
You take 3 damage, and have 7/51 hp.
Fire: a) +1 shortbow
Aim: a jackal (almost dead, 62% to hit)
You shoot an arrow. The arrow closely misses the jackal.
The jackal bites you.
* * * LOW HITPOINT WARNING * * *
The endoplasm freezes you.
You are frozen.
* * * LOW HITPOINT WARNING * * *
The jackal closely misses you.
You take 3 damage, and have 4/51 hp.
You now have 0/8 mp.
Fire: a) +1 shortbow
Aim: a jackal (almost dead, 62% to hit)
You shoot an arrow. The arrow hits the jackal.
You kill the jackal!
The adder bites you but does no damage. The endoplasm misses you.
The adder bites you but does no damage.
You feel better. The endoplasm freezes you.
You are frozen.
* * * LOW HITPOINT WARNING * * *
The adder completely misses you.
You regained 4 hp, and now have 8/51 hp.
The endoplasm attacks as you move away! The endoplasm misses you.
The jackal bites you.
* * * LOW HITPOINT WARNING * * *
The jackal completely misses you.
The jackal bites you but does no damage.
The adder bites you.
* * * LOW HITPOINT WARNING * * *
You take 1 damage, and have 7/51 hp.
You now have 0/8 mp.
The jackal attacks as you move away! The jackal bites you.
* * * LOW HITPOINT WARNING * * *
The adder attacks as you move away! The adder closely misses you.
You take 1 damage, and have 6/51 hp.
The adder attacks as you move away! The adder bites you but does no damage.
The jackal attacks as you move away! The jackal closely misses you.
The endoplasm jiggles.
The jackal misses you.
Fire: a) +1 shortbow
Aim: a jackal (62% to hit)
You shoot an arrow. The arrow hits the jackal.
The jackal barely misses you.
Fire: a) +1 shortbow
Aim: a jackal (moderately wounded, 62% to hit)
You shoot an arrow. The arrow completely misses the jackal.
The jackal bites you but does no damage. x2
Fire: a) +1 shortbow
Aim: a jackal (moderately wounded, 62% to hit)
You shoot an arrow. The arrow barely misses the jackal.
The jackal barely misses you.
The jackal bites you but does no damage.
Fire: a) +1 shortbow
Aim: a jackal (moderately wounded, 62% to hit)
You shoot an arrow. The arrow barely misses the jackal.
The jackal bites you.
* * * LOW HITPOINT WARNING * * *
The jackal bites you but does no damage.
You take 1 damage, and have 7/51 hp.
Fire: a) +1 shortbow
Aim: a jackal (moderately wounded, 62% to hit)
You shoot an arrow. The arrow hits the jackal!
You kill the jackal!
The adder bites you.
* * * LOW HITPOINT WARNING * * *
You are poisoned.
The adder poisons you!
You take 1 damage, and have 6/51 hp.
Fire: a) +1 shortbow
Aim: an adder (54% to hit)
You shoot an arrow.
The arrow hits the adder but does no damage.
* * * LOW HITPOINT WARNING * * *
You feel sick. The adder barely misses you.
You take 1 damage, and have 5/51 hp.
Fire: a) +1 shortbow
Aim: an adder (54% to hit)
You shoot an arrow. The arrow hits the adder!
You feel sick. The adder bites you.
* * * LOW HITPOINT WARNING * * *
The adder closely misses you.
You take 2 damage, and have 3/51 hp.
Fire: a) +1 shortbow
Aim: an adder (severely wounded, 54% to hit)
You shoot an arrow. The arrow closely misses the adder.
* * * LOW HITPOINT WARNING * * *
You feel sick. The adder bites you.
* * * LOW HITPOINT WARNING * * *
You are more poisoned.
The adder poisons you! The adder closely misses you.
You take 2 damage, and have 1/51 hp.
You feel protected.
You die...

#.......# ###
#.#...#.# ####..
#.......# #.....
#.......# ####.#...
#.#...#.###........
#.$.....##.#......#
#.......#.#.......#
#S##.....###......#
#.@..####.#......#.
####.# #.#....#.#
#.# ##.##.##.. #.#
#.##.#... #.#
#.##..... #.#
#.##..#.#
#.######....##.#
###.##........รท#..
#......#######....


You could see an adder.

Vanquished Creatures
  2 phantoms (D:4)
  A scorpion (D:4)
  An orc wizard (D:3)
  7 adders
  2 dart slugs (D:4)
  2 worms
  5 orcs (D:3)
  5 bats
  6 endoplasms
  2 giant cockroaches
  5 goblins
  5 hobgoblins
  5 jackals
  6 kobolds
  3 quokkas
  4 ball pythons
  2 frilled lizards
  2 rats
65 creatures vanquished.

Vanquished Creatures (others)
  12 plants (D:2)
12 creatures vanquished.

Grand Total: 77 creatures vanquished

Notes
Turn   | Place    | Note
-------+----------+-------------------------------------------
     0 | D:1      | sokol815 the Demigod Hunter began the quest for the Orb.
     0 | D:1      | Reached XP level 1. HP: 17/17 MP: 3/3
   184 | D:1      | Reached skill level 2 in Fighting
   184 | D:1      | Reached skill level 2 in Dodging
   244 | D:1      | Reached XP level 2. HP: 24/24 MP: 4/4
   637 | D:2      | Reached skill level 4 in Ranged Weapons
   892 | D:2      | Reached XP level 3. HP: 29/29 MP: 5/5
  1508 | D:3      | HP: 7/30 [poisoned by an adder]
  1513 | D:3      | HP: 3/30 [poisoned by an adder]
  1524 | D:3      | HP: 5/30 [adder (1)]
  1531 | D:2      | HP: 1/30 [adder (3)]
  1659 | D:3      | HP: 7/30 [something (1)]
  1662 | D:3      | Reached XP level 4. HP: 10/37 MP: 6/6
  2135 | D:3      | Learned a level 3 spell: Portal Projectile
  2303 | D:4      | Reached skill level 5 in Ranged Weapons
  2303 | D:4      | Reached skill level 3 in Dodging
  2303 | D:4      | Reached XP level 5. HP: 28/44 MP: 4/7
  2464 | D:4      | Reached skill level 3 in Fighting
  2970 | D:4      | HP: 11/45 [jackal (1)]
  2976 | D:4      | HP: 6/45 [frozen (4)]
  2977 | D:4      | Reached XP level 6. HP: 7/51 MP: 1/8
  2981 | D:4      | HP: 7/51 [adder (1)]
  2987 | D:4      | HP: 7/51 [jackal (1)]
  2990 | D:4      | HP: 3/51 [adder (1)]
  2991 | D:4      | HP: 1/51 [adder (1)]
  2992 | D:4      | Succumbed to an adder's poison

Illustrated notes

Levels and vault maps discovered:
D:1:      minmay_arrival_cross, layout_loops_cross
D:2:      layout_loops_ring, basic_altar, ebering_ecumenical_altar_rust,
          serial_bayou, serial_bayou_crossing, serial_bayou_shore_a,
          serial_bayou_pond_c, serial_bayou_pond_a
D:3:      layout_rooms, zin_statuary, chequers_serial_rivers_room_b,
          wad_floor_pattern_untrapped
D:4:      layout_loops_ring, mainiacjoe_overflow_alcove_4, temple_hall,
          minivault_26, minmay_rat_hole

Skill      XL: |  1  2  3  4  5 |
---------------+----------------+-----
Fighting       | 2 3 |  3.4
Dodging        | 2 3 |  3.4
Ranged Weapons | 4 5 |  5.6
Stealth        | |  0.8

Action                     |  1- 3 |  4- 6 || total
---------------------------+-------+-------++-------
  Melee: Shortbow          |     1 |       ||     1
   Fire: Shortbow          |   102 |   116 ||   218
    Use: Scroll            |     2 |     5 ||     7
         Potion            |     1 |     3 ||     4
 Armour: Leather armour    |    55 |    19 ||    74
  Dodge: Dodged            |   133 |    58 ||   191

Table legend: (Time is in decaauts)
 A = Elapsed time spent in this place.
 B = Non-inter-level travel time spent in this place.
 C = Inter-level travel time spent in this place.
 D = Time resting spent in this place.
 E = Time spent auto-exploring this place.
 F = Levels seen in this place.
 G = Mean time per level.
                   A        B        C        D        E       F      G
               +--------+--------+--------+--------+--------+-----+--------+
         Total |   3088 |   3016 |     72 |    210 |   2286 |   4 |  772.0 |
       Dungeon |   3088 |   3016 |     72 |    210 |   2286 |   4 |  772.0 |
               +--------+--------+--------+--------+--------+-----+--------+

Top non-repeatable levels by time:
     D:2: 1056 daAuts
     D:4: 738 daAuts
     D:3: 683 daAuts
     D:1: 609 daAuts

Table legend:
 A = Kills in this place as a percentage of kills in entire the game.
 B = Kills by you in this place as a percentage of kills by you in the entire game.
 C = Kills by friends in this place as a percentage of kills by friends in the entire game.
 D = Other kills in this place as a percentage of other kills in the entire game.
 E = Experience gained in this place as a percentage of experience gained in the entire game.
 F = Experience gained in this place divided by the number of levels of this place that you have seen.
                   A       B       C       D       E      F
               +-------+-------+-------+-------+-------+----------------------
         Total | 100.0 | 100.0 |   N/A |   N/A | 100.0 | 131.5
       Dungeon | 100.0 | 100.0 |   N/A |   N/A | 100.0 | 131.5
               +-------+-------+-------+-------+-------+----------------------
